 Dungeon Crawl Stone Soup version 0.21.1-1-g345015f (webtiles) character file.

53 monkeygenral the Grave Robber (level 3, 0/24 HPs)
             Began as a Vampire Necromancer on June 9, 2018.
             Slain by a frilled lizard (2 damage)
             ... on level 2 of the Dungeon on June 10, 2018.
             The game lasted 00:20:33 (1692 turns).

monkeygenral the Grave Robber (Vampire Necromancer) Turns: 1692, Time: 00:20:34

Health: 0/24       AC:  7    Str:  7    XL:     3   Next: 64%
Magic:  0/6        EV: 10    Int: 18    God:
Gold:   9          SH:  0    Dex: 14    Spells: 2/7 levels left

rFire    . . .     SeeInvis +   f - +0 mace
rCold    . . .     Gourm    .   (no shield)
rNeg     + . .     Faith    .   d - +0 ring mail
rPois    .         Spirit   .   (no helmet)
rElec    .         Reflect  .   k - +1 cloak
rCorr    .         Harm     .   (no gloves)
MR       .....                  (no boots)
Stlth    ++........             (no amulet)
HPRegen  0.08/turn              e - ring of flight
MPRegen  0.10/turn              (no ring)

@: no status effects
A: fangs 3, see invisible, unbreathing
a: Bat Form, Evoke Flight


You were on level 2 of the Dungeon.
You were not thirsty.

You visited 1 branch of the dungeon, and saw 2 of its levels.

You collected 9 gold pieces.

Inventory:

Hand Weapons
 f - a +0 mace (weapon)
 h - a +0 short sword
 i - a +0 club
 m - a +0 falchion
Missiles
 g - 20 bolts
Armour
 a - a +0 robe
 d - a +0 ring mail (worn)
 k - a +1 cloak (worn)
 l - a +0 chain mail
 p - a +0 chain mail
Jewellery
 e - a ring of flight (left hand)
Scrolls
 o - a scroll of noise {unknown}
Potions
 c - 7 potions of blood
 n - a potion of brilliance {unknown}
Books
 b - a book of Necromancy

   Spells                             Type                      Level
   a - Pain                           Necromancy                   1
   b - Animate Skeleton               Necromancy                   1
   c - Vampiric Draining              Necromancy                   3
   d - Regeneration                   Charms/Necromancy            3
   e - Animate Dead                   Necromancy                   4
   f - Borgnjor's Vile Clutch         Necromancy/Earth             5
Comestibles
 j - 2 rations


   Skills:
 + Level 0.6 Maces & Flails
 + Level 0.3 Armour
 * Level 2.8 Dodging
 + Level 3.2 Stealth
 * Level 2.6 Spellcasting
 * Level 4.8 Necromancy


You had 2 spell levels left.
You knew the following spells:

 Your Spells              Type           Power        Failure   Level  Hunger
a - Pain                  Necr           ###.         8%          1    #......
b - Animate Skeleton      Necr           N/A          8%          1    #......
c - Vampiric Draining     Necr           ###.......   24%         3    ###....


Dungeon Overview and Level Annotations

Branches:
Dungeon (2/15)

Altars:


Innate Abilities, Weirdness & Mutations

You have razor-sharp teeth.
You have supernaturally acute eyesight. (SInv)
You can survive without breathing.


Message History

Casting: Vampiric Draining
Confirm with . or Enter, or press ? or * to list all spells.
Aiming: Pain
Press: ? - help, Shift-Dir - straight line, f - orc
Aim: an orc, wielding a falchion (chance to defeat MR: 89%)
The orc writhes in agony!
The bat barely misses you. The orc hits you but does no damage.
The frilled lizard barely misses you.
You closely miss the orc.
The orc is almost dead.
The frilled lizard bites you but does no damage.
The orc hits you with a falchion.
* * * LOW HITPOINT WARNING * * *
The bat hits you but does no damage.
The frilled lizard bites you but does no damage.
The orc hits you but does no damage.
You hit the orc.
You kill the orc!
The bat completely misses you. The frilled lizard closely misses you.
The frilled lizard bites you.
You die...

#........#
#..#...###
#.#_#.## #..#..#
#.....#
......#..#
#####.#.## .
#.#.########
#..#......r@b.#
#..........lr.#
....###...###..#
#.. ##.## ##....
## .... ..#.#
...rr. ..# #
#....... .##
.......... ##
#..#...#.##


You could see a bat, a frilled lizard and 2 rats.

Vanquished Creatures
  An adder (D:2)
  2 oozes (D:1)
  2 dart slugs (D:1)
  3 leopard geckos
  An orc (D:2)
  2 hobgoblins (D:1)
  4 kobolds (D:1)
  3 bats (D:1)
  A frilled lizard (D:1)
  3 goblins
  6 rats
28 creatures vanquished.

Vanquished Creatures (collateral kills)
  A giant cockroach (D:1)
  A frilled lizard (D:1)
2 creatures vanquished.

Grand Total: 30 creatures vanquished

Notes
Turn   | Place    | Note
-------+----------+-------------------------------------------
     0 | D:1      | monkeygenral the Vampire Necromancer began the quest for the Orb.
     0 | D:1      | Reached XP level 1. HP: 13/13 MP: 3/3
    25 | D:1      | Learned a level 1 spell: Animate Skeleton
   914 | D:1      | Reached XP level 2. HP: 18/19 MP: 0/5
  1197 | D:1      | Reached XP level 3. HP: 20/24 MP: 1/6
  1288 | D:1      | Learned a level 1 spell: Pain
  1292 | D:1      | Learned a level 3 spell: Vampiric Draining
  1642 | D:2      | Found a faded altar of an unknown god.
  1692 | D:2      | Slain by a frilled lizard

Action                   || total
-------------------------++-------
Melee: Unarmed           ||    22
       Bite              ||     7
       Mace              ||    46
 Cast: Pain              ||    44
       Animate Skeleton  ||     3
       Vampiric Draining ||     2
 Abil: End Transformatio ||     1
       Bat Form          ||     1
  Use: Potion            ||     6
       Scroll            ||     1
Armor: Ring mail         ||    89
Dodge: Dodged            ||   102
